 Dungeon Crawl Stone Soup version 0.21-a0-228-g14ccbf3 (webtiles) character file.

4035 Ijustatesigmund the Fighter (level 10, -1/82 HPs)
             Began as a Formicid Fighter on Aug 31, 2017.
             Was a Priest of Cheibriados.
             Slain by a two-headed ogre
             ... wielding a +0 giant spiked club
              (24 damage)
             ... on level 8 of the Dungeon.
             The game lasted 00:20:39 (6627 turns).

Ijustatesigmund the Fighter (Formicid Fighter)      Turns: 6627, Time: 00:20:40

Health: -1/82      AC: 15    Str: 35    XL:     10   Next: 48%
Magic:  15/15      EV:  8    Int: 15    God:    Cheibriados [***...]
Gold:   152        SH: 12    Dex: 25    Spells: 9/9 levels left

rFire    . . .     SeeInvis +   a - +0 quarterstaff
rCold    . . .     Gourm    .   c - +0 shield
rNeg     . . .     Faith    .   b - +0 scale mail
rPois    +         Spirit   .   (helmet unavailable)
rElec    +         Reflect  .   u - +2 cloak
rCorr    .         Harm     .   h - +1 pair of gloves
MR       +....                  q - +0 pair of boots
Stlth    +.........             v - amulet of regeneration
HPRegen  0.63/turn              k - ring of poison resistance
MPRegen  0.14/turn              n - ring "Biyd" {*Tele rElec Dex+4}

@: mighty, very slow
A: permanent stasis, dig shafts and tunnels, four strong arms, antennae 3
a: Dig, Shaft Self, Bend Time, Temporal Distortion, Renounce Religion


You were on level 8 of the Dungeon.
You worshipped Cheibriados.
Cheibriados was most pleased with you.
You were not hungry.

You visited 2 branches of the dungeon, and saw 9 of its levels.

You collected 512 gold pieces.
You spent 360 gold pieces at shops.

Inventory:

Hand Weapons
 a - a +0 quarterstaff (weapon)
Armour
 b - a +0 scale mail (worn)
 c - a +0 shield (worn)
 h - a +1 pair of gloves (worn)
 q - a +0 pair of boots (worn)
 u - a +2 cloak (worn)
Jewellery
 k - a ring of poison resistance (left hand)
 n - the ring "Biyd" (right hand) {*Tele rElec Dex+4}
   (You found it on level 4 of the Dungeon)

   [ring of teleportation]

   It may teleport you next to monsters.
   It affects your dexterity (+4).
   It insulates you from electricity.
 v - an amulet of regeneration (around neck)
 w - the amulet of the Unstoppable Ghosts {+Rage MR+}
   (You found it on level 5 of the Dungeon)

   [amulet of rage]

   It affects your resistance to hostile enchantments.
   It lets you go berserk.
 A - an uncursed ring of positive energy
 G - an uncursed ring of fire
Wands
 r - a wand of paralysis (8/24)
Scrolls
 x - 2 scrolls of immolation
 y - a scroll of amnesia
 z - a scroll of remove curse
 C - 3 scrolls of identify
 D - a scroll of recharging
 F - a scroll of magic mapping
Potions
 e - a potion of ambrosia
 g - 2 potions of cancellation
 i - 2 potions of brilliance
 l - 3 potions of lignification
 o - 5 potions of curing
 t - a potion of heal wounds
Books
 E - a book of Misfortune

   Spells                             Type                      Level
   a - Confusing Touch                Hexes                        1
   b - Confuse                        Hexes                        3
   c - Gell's Gravitas                Translocation                3
   d - Petrify                        Transmutation/Earth          4
   e - Metabolic Englaciation         Hexes/Ice                    5
   f - Yara's Violent Unravelling     Hexes/Transmutation          5
Comestibles
 f - 6 bread rations
 j - a royal jelly
 p - 2 meat rations
 s - 5 fruits


   Skills:
 + Level 8.9 Fighting
 + Level 8.9 Staves
 + Level 7.6 Armour
 - Level 3.6 Shields
 + Level 7.5 Invocations


You had 9 spell levels left.
You didn't know any spells.

Dungeon Overview and Level Annotations

Branches:
Dungeon (8/15)             Temple (1/1) D:6
   Lair: D:8-11

Altars:
Cheibriados
Elyvilon
Gozag
Okawaru
Qazlal
Ru
Sif Muna
Wu Jian

Shops:
D:4 }   D:6 (}=   D:8 [[%

Annotations:
D:5 1 runed door


Innate Abilities, Weirdness & Mutations

You cannot be hasted, slowed, berserked, paralysed or teleported.
You can dig through walls and to a lower floor.
Your four strong arms can wield two-handed weapons with a shield.
You have a pair of large antennae on your head. (SInv)


Message History

The two-headed ogre hits you with a giant spiked club!!
You are too injured to fight recklessly!
You are too injured to fight recklessly!
You are too injured to fight recklessly!
You are too injured to fight recklessly!
You are too injured to fight recklessly!
You are too injured to fight recklessly!
You feel very mighty all of a sudden.
You barely miss the two-headed ogre.
The two-headed ogre is lightly wounded.
You block the two-headed ogre's attack. The two-headed ogre barely misses you.
You thump the two-headed ogre!
The two-headed ogre is heavily wounded.
The two-headed ogre hits you with a giant spiked club!
* * * LOW HITPOINT WARNING * * *
The two-headed ogre hits you but does no damage.
You closely miss the two-headed ogre.
The two-headed ogre is heavily wounded.
The two-headed ogre hits you with a giant spiked club!!
You die...

#.....................
#....................
#.........†.........
#######.....#.#####
########.....#.#
...............#
#############..##
#....####.##.
#..>.@Os.....
#....##...... #....#
..... #....# ...#
#=...# ..# #....# .#
#.#### # #.# #.#


You could see a two-headed ogre and a giant cockroach.

Vanquished Creatures
  A komodo dragon (D:8)
  3 hippogriffs
  A wyvern (D:8)
  Eustachio (D:4)
  The ghost of p0werm0de the Ruffian, an amateur VSAK of Lugonu (D:5)
  An orc warrior (D:8)
  A black bear (D:7)
  2 ice beasts
  A necrophage (D:7)
  2 sky beasts
  A centaur (D:8)
  4 ogres
  A big kobold (D:7)
  2 bullfrogs (D:7)
  3 scorpions
  A killer bee (D:5)
  2 howler monkeys
  5 wights (D:7)
  7 crimson imps
  A centaur zombie (D:5)
  A quasit (D:7)
  A bullfrog zombie (D:6)
  3 hounds
  A bullfrog skeleton (D:6)
  4 orc wizards
  Terence (D:1)
  3 iguanas (D:4)
  9 worker ants
  A worker ant zombie (D:6)
  Robin (D:1)
  A howler monkey skeleton (D:7)
  8 adders
  An ooze (D:5)
  2 adder skeletons (D:4)
  A worm (D:2)
  2 dart slugs
  5 leopard geckos
  17 orcs
  10 giant cockroaches
  14 hobgoblins
  8 jackals (D:7)
  8 kobolds
  5 quokkas
  4 ball pythons
  9 bats
  5 frilled lizards
  11 goblins
  A leopard gecko skeleton (D:6)
  2 quokka skeletons
  A quokka zombie (D:6)
  10 rats
  3 butterflies (D:5)
194 creatures vanquished.

Notes
Turn   | Place    | Note
-------+----------+-------------------------------------------
     0 | D:1      | Ijustatesigmund the Formicid Fighter began the quest for the Orb.
     0 | D:1      | Reached XP level 1. HP: 18/18 MP: 1/1
   141 | D:1      | Reached XP level 2. HP: 24/24 MP: 2/2
   455 | D:1      | Reached XP level 3. HP: 27/29 MP: 3/3
   710 | D:2      | Noticed Terence
   724 | D:1      | Killed Terence
   724 | D:1      | Reached XP level 4. HP: 17/37 MP: 4/4
   899 | D:2      | Noticed Robin
   913 | D:1      | Killed Robin
  1155 | D:2      | Found an iron altar of Okawaru.
  1263 | D:2      | Reached XP level 5. HP: 39/42 MP: 5/5
  1862 | D:3      | Found an opulent altar of Gozag.
  2518 | D:4      | Found a sacrificial altar of Ru.
  2597 | D:4      | Noticed Eustachio
  2624 | D:4      | You fall through a shaft for 3 floors!
  2624 | D:7      | Noticed an ice beast
  2629 | D:7      | Killed an ice beast
  2629 | D:7      | Reached skill level 5 in Staves
  2629 | D:7      | Reached XP level 6. HP: 45/50 MP: 6/6
  2681 | D:7      | Reached skill level 5 in Fighting
  2730 | D:7      | Reached XP level 7. HP: 46/56 MP: 7/7
  3016 | D:6      | Found a staircase to the Ecumenical Temple.
  3025 | Temple   | Entered the Ecumenical Temple
  3033 | Temple   | Became a worshipper of Cheibriados the Contemplative
  3138 | D:5      | Entered Level 5 of the Dungeon
  3180 | D:5      | Found a deep blue altar of Sif Muna.
  3218 | D:4      | Reached skill level 1 in Invocations
  3311 | D:4      | Reached XP level 8. HP: 37/64 MP: 9/9
  3718 | D:4      | Found Ubenesul's Gadget Boutique.
  3995 | D:4      | Killed Eustachio
  4143 | D:4      | Got a flickering platinum ring
  4145 | D:4      | Identified the ring "Biyd" {*Tele rElec Dex+4} (You found it on level 4 of the Dungeon)
  4188 | D:4      | Reached * piety under Cheibriados
  4574 | D:6      | Found Qefusk's Gadget Shop.
  4626 | D:5      | Reached skill level 5 in Armour
  4728 | D:5      | Found a runed door.
  4734 | D:5      | Got a wavering bronze amulet
  4736 | D:5      | Identified the amulet of the Unstoppable Ghosts {+Rage MR+} (You found it on level 5 of the Dungeon)
  4764 | D:5      | Found a runed door.
  4780 | D:5      | Reached XP level 9. HP: 67/71 MP: 12/12
  4801 | D:5      | Reached ** piety under Cheibriados
  4855 | D:5      | Noticed p0werm0de's ghost (amateur VSAK)
  4872 | D:5      | Killed p0werm0de's ghost
  4944 | D:5      | Reached skill level 5 in Invocations
  5119 | D:6      | Found Dexzifer's Jewellery Shoppe.
  5127 | D:6      | Bought an uncursed amulet of regeneration for 360 gold pieces
  5211 | D:6      | Found Sacyfoskur's Antique Weapon Shoppe.
  5481 | D:7      | Noticed a hippogriff
  5485 | D:7      | Killed a hippogriff
  5644 | D:7      | Reached *** piety under Cheibriados
  5685 | D:7      | Noticed a hippogriff
  5691 | D:7      | Killed a hippogriff
  5765 | D:7      | Reached XP level 10. HP: 75/80 MP: 14/14
  6271 | D:8      | Found Juaxiv's Food Boutique.
  6409 | D:8      | Found Fagacs's Armour Emporium.
  6424 | D:8      | Found Caakeikh's Armour Shop.
  6501 | D:8      | Noticed a komodo dragon
  6509 | D:8      | Killed a komodo dragon
  6617 | D:8      | Noticed a two-headed ogre
  6627 | D:8      | Slain by a two-headed ogre

Vault maps used:
D:1:      dpeg_arrival_shrine, feat_on_display
D:2:      okawaru_gym_becter, uniq_terence, uniq_robin
D:3:      grunt_gozag_statues
D:4:      marbit_many_paths, serial_shops, kennysheep_mini,
          hangedman_abyss_or_decor_stabs, minivault_5, uniq_eustachio
D:5:      lemuel_insect_pit, first_bread, lemuel_blue_sif_altar
D:6:      minmay_temple_entry_statues_fountains, serial_shops, shop, shop,
          shop_statue
D:8:      erik_lair_dragon, serial_shops, shop, shop, kennysheep_little_box
Temple:   regret_index_temple_sigil_plot

Skill      XL: |  1  2  3  4  5  6  7  8  9 10 |
---------------+-------------------------------+-----
Staves         | 3 4 5 6 7 8 |  8.9
Fighting       | 4 5 6 8 |  8.9
Invocations    | 2 4 6 7 |  7.5
Armour         | 5 6 7 |  7.6
Shields        | |  3.6

Action                   |  1- 3 |  4- 6 |  7- 9 | 10-12 || total
-------------------------+-------+-------+-------+-------++-------
Melee: Quarterstaff      |    61 |   200 |   387 |   113 ||   761
Invok: Bend Time         |       |       |       |     1 ||     1
 Abil: Dig               |     1 |     2 |     5 |     1 ||     9
       Shaft Self        |       |     1 |       |       ||     1
Evoke: Wand              |       |       |     1 |       ||     1
  Use: Scroll            |       |     4 |    13 |       ||    17
       Potion            |       |       |     1 |     1 ||     2
 Stab: Paralysed         |       |       |     4 |       ||     4
  Eat: Chunk             |       |     7 |     6 |     2 ||    15
       Royal jelly       |       |       |     1 |       ||     1
Armor: Scale mail        |    33 |   134 |   147 |    35 ||   349
Dodge: Dodged            |    26 |    59 |   105 |    39 ||   229
Block: Shield            |    34 |   130 |   190 |    77 ||   431

Table legend:
 A = Spawn XP
 B = Non-spawn XP
 C = Spawn XP percentage of total XP
 D = Spawn monster count
 E = Non-spawn monster count
 F = Spawn count percentage of total count
 G = Total turns spent on level
                    A         B        C        D         E        F      G
               +---------+---------+-------+---------+---------+-------+---------
         Total |     934 |    4831 |  16.2 |      23 |     168 |  12.0 |  6627
               +---------+---------+-------+---------+---------+-------+---------
           D:1 |       5 |     102 |   4.7 |       2 |      25 |   7.4 |   956
           D:2 |       8 |      52 |  13.3 |       4 |      23 |  14.8 |   895
           D:3 |       6 |      19 |  24.0 |       2 |      13 |  13.3 |   667
           D:4 |     162 |     640 |  20.2 |       3 |      17 |  15.0 |  1235
           D:5 |     145 |     725 |  16.7 |       4 |      23 |  14.8 |   801
           D:6 |       1 |     450 |   0.2 |       1 |      14 |   6.7 |   492
           D:7 |     284 |    1865 |  13.2 |       4 |      42 |   8.7 |  1175
           D:8 |     323 |     978 |  24.8 |       3 |      11 |  21.4 |   390
               +---------+---------+-------+---------+---------+-------+---------
